 Dungeon Crawl Stone Soup version 0.17.1-3-g152610e (webtiles) character file.

13981 MrTails the Basher (level 12, -7/69 HPs)
             Began as a Gargoyle Fighter on Feb 18, 2016.
             Was a High Priest of Okawaru.
             Mangled by a black mamba (12 damage)
             ... on level 2 of the Lair of Beasts.
             The game lasted 00:57:58 (12908 turns).

MrTails the Basher (Gargoyle Fighter)              Turns: 12908, Time: 00:57:59

Health: -7/69      AC: 37    Str: 24    XL:     12   Next: 11%
Magic:  12/12      EV: 10    Int: 10    God:    Okawaru [*****.]
Gold:   481        SH:  0    Dex:  9    Spells: 0 memorised, 11 levels left

rFire  . . .     SeeInvis .     E - +1 great mace (protect)
rCold  . . .     Clarity  .     x - +4 ring mail {rN+}
rNeg   + + +     SustAt   .     (shield currently unavailable)
rPois  ∞         Gourm    .     u - +1 hat
rElec  +         Spirit   .     I - +2 cloak
rCorr  .         Warding  +     J - +0 pair of gloves
rMut   .         Stasis   .     (no boots)
MR     +....                    q - amulet of warding
Stlth  +.........               G - +4 ring of protection
                                (no ring)

@: flying, somewhat resistant to hostile enchantments, very unstealthy
A: big wings, slimy green scales 1, frail 1, magic resistance 1, negative energy
resistance 1, electricity resistance, unbreathing, petrification resistance, rot
immunity, AC +8
a: Stop Flying, Heroism, Finesse, Renounce Religion


You were on level 2 of the Lair of Beasts.
You worshipped Okawaru.
Okawaru was extremely pleased with you.
You were not hungry.

You visited 3 branches of the dungeon, and saw 11 of its levels.

You collected 556 gold pieces.
You spent 75 gold pieces at shops.

Inventory:

Hand Weapons
 a - a +1 flail
 E - a +1 great mace of protection (weapon)
Armour
 c - a +0 shield
 u - a +1 hat (worn)
 w - a +0 cloak
 x - a +4 ring mail of positive energy (worn)
 D - a +0 cloak
 I - a +2 cloak (worn)
 J - a +0 pair of gloves (worn)
Jewellery
 q - an amulet of warding (around neck)
 G - a +4 ring of protection (right hand)
Wands
 m - a wand of lightning (13)
 n - a wand of frost (5)
 o - a wand of polymorph (9)
 y - a wand of lightning (7)
 A - a wand of draining (8)
 H - a wand of fireball (5)
Scrolls
 b - a scroll of enchant weapon
 f - a scroll of fog
 i - a scroll of recharging
 l - a scroll of magic mapping
 s - 7 scrolls of remove curse
Potions
 d - 3 potions of might
 h - a potion of flight {unknown}
 j - a potion of berserk rage
 k - 3 potions of magic
 B - a potion of agility {unknown}
 F - a potion of invisibility {unknown}
Books
 p - a book of Transfigurations

   Spells                             Type                      Level
   a - Stoneskin                      Transmutation/Earth          2
   b - Irradiate                      Conjuration/Transmutation    5
   c - Statue Form                    Transmutation/Earth          6
   d - Hydra Form                     Transmutation                6
   e - Dragon Form                    Transmutation                7
 v - a book of Callings

   Spells                             Type                      Level
   a - Summon Small Mammal            Summoning                    1
   b - Call Imp                       Summoning                    2
   c - Call Canine Familiar           Summoning                    3
   d - Summon Guardian Golem          Hexes/Summoning              3
   e - Summon Lightning Spire         Summoning/Air                4
   f - Summon Ice Beast               Ice/Summoning                4
Comestibles
 e - a bread ration
 g - 3 beef jerkies
 t - 4 meat rations
 z - 13 fruits


   Skills:
 + Level 9.9 Fighting
 * Level 12.2 Maces & Flails
 + Level 10.1 Armour
 + Level 10.0 Shields


You had 11 spell levels left.
You didn't know any spells.

Dungeon Overview and Level Annotations

Branches:
Dungeon (8/15)             Temple (1/1) D:4            Lair (2/8) D:8

Altars:
Ashenzari
Cheibriados
Dithmenos
Elyvilon
Fedhas
Kikubaaqudgha
Makhleb
Nemelex Xobeh
Okawaru
Qazlal
Ru
Sif Muna
Trog
Vehumet
Xom
Yredelemnul
Zin
The Shining One

Shops:
D:5 :%*}

Annotations:
D:5 Pikel
Lair:2 Erica


Innate Abilities, Weirdness & Mutations

You are resistant to torment.
Your stone body is resilient (AC +8).
You are immune to poison.
You resist negative energy.
You are resistant to electric shocks.
You can survive without breathing.
You are immune to petrification.
You are immune to rotting.
Your large and strong wings let you fly indefinitely.
You are partially covered in slimy green scales (AC +2).
You are frail (-10% HP).
You are resistant to hostile enchantments.


Message History

The water moccasin bites something!
The water moccasin bites the fungus!
The giant frog hits you but does no damage.
You see here a potion of berserk rage.
You feel better.
The water moccasin bites the fungus.
The giant frog hits you but does no damage.
Something tramples the fungus!
Something trunk-slaps the fungus.
The water moccasin bites the fungus.
The black mamba bites you but does no damage.
The black mamba bites you.
* * * LOW HITPOINT WARNING * * *
The giant frog hits you but does no damage.
The water moccasin bites the fungus.
The fungus is poisoned.
The water moccasin poisons the fungus!
The elephant tramples the fungus!
The fungus is destroyed!
The black mamba bites you but does no damage.
The giant frog hits you but does no damage.
The black mamba bites you but does no damage.
You found a teleport trap!
The black mamba bites you!
You die...

...........................<.....
.........................).......
P..PP............................
#.###.........^..................
.. .....#P...P##...............
.. ... #.......#.......##..###.
....#..............
....#..............
...........@.......
#..........FS#......
.....#.......$...... .
P........SYY.#......
..###......Y!..l........
.........#.Y#.#.#.......
........................
...........H...........
......................


You could see 4 elephants, a black mamba, a hippogriff, a water moccasin, a
giant frog and an iguana.

Vanquished Creatures
  Nergalle (Lair:1)
  Maurice (D:8)
  3 spiny frogs
  2 black mambas (Lair:1)
  The ghost of inmateoo the Chopper, a novice CeFi (D:5)
  The ghost of Draxdyn the Skirmisher, a novice GrFi of Okawaru (D:6)
  The ghost of F1L1N the Ruffian, an amateur TrBe of Trog (D:7)
  8 blink frogs
  Prince Ribbit (D:6)
  23 yaks
  A hippogriff (Lair:1)
  A hungry ghost (D:7)
  Menkaure (D:6)
  7 water moccasins
  A porcupine (Lair:1)
  Duvessa (D:4)
  4 phantoms
  A slave (D:5)
  An ice beast (D:5)
  3 orc warriors
  A sky beast (D:7)
  4 centaurs
  7 crocodiles
  3 ogres
  A big kobold (D:7)
  A gnoll sergeant (D:7)
  Dowan (D:4)
  10 giant frogs
  A wyvern skeleton (D:8)
  2 scorpions
  5 wights (D:8)
  5 hounds
  2 giant frog zombies
  4 crimson imps
  3 orc priests
  A centaur skeleton (D:5)
  3 jellies
  3 iguanas
  6 worker ants
  Terence (D:2)
  7 orc wizards
  3 worker ant zombies
  2 hound skeletons
  7 gnolls
  12 river rats
  A shadow imp (D:8)
  6 adders
  3 oozes
  3 worms (D:3)
  6 giant geckos
  28 orcs
  2 ball pythons
  13 bats
  6 giant cockroaches
  5 goblins
  8 hobgoblins
  11 jackals
  8 quokkas
  A giant gecko skeleton (D:6)
  A giant gecko zombie (D:7)
  5 giant newts
  12 kobolds
  2 quokka skeletons
  10 rats
  A fungus (D:8)
290 creatures vanquished.

Vanquished Creatures (others)
  Sigmund (D:4)
  3 fungi
4 creatures vanquished.

Grand Total: 294 creatures vanquished

Notes
Turn   | Place    | Note
--------------------------------------------------------------
     0 | D:1      | MrTails the Gargoyle Fighter began the quest for the Orb.
     0 | D:1      | Reached XP level 1. HP: 14/14 MP: 1/1
   196 | D:1      | Reached XP level 2. HP: 16/19 MP: 2/2
   640 | D:2      | Reached XP level 3. HP: 20/23 MP: 3/3
   714 | D:2      | Noticed Terence
   721 | D:2      | HP: 1/23 [Terence/wand of frost (5)]
  1043 | D:2      | Killed Terence
  1043 | D:2      | Reached XP level 4. HP: 21/29 MP: 4/4
  1568 | D:3      | Noticed an orc warrior
  1590 | D:3      | Reached skill level 4 in Fighting
  1590 | D:3      | Reached XP level 5. HP: 31/33 MP: 5/5
  2347 | D:4      | Found a staircase to the Ecumenical Temple.
  2357 | Temple   | Entered the Ecumenical Temple
  2406 | Temple   | Became a worshipper of Warmaster Okawaru
  2589 | D:4      | Reached XP level 6. HP: 32/38 MP: 6/6
  3166 | D:4      | Noticed Duvessa
  3167 | D:4      | Noticed Dowan
  3168 | D:4      | Noticed Sigmund
  3208 | D:4      | Killed Duvessa
  3213 | D:4      | Killed Sigmund
  3245 | D:4      | Killed Dowan
  3245 | D:4      | Reached * piety under Okawaru
  3245 | D:4      | Reached skill level 5 in Maces & Flails
  3245 | D:4      | Reached skill level 5 in Armour
  3245 | D:4      | Reached XP level 7. HP: 13/44 MP: 7/7
  3719 | D:5      | Entered Level 5 of the Dungeon
  3845 | D:5      | Noticed inmateoo's ghost (novice CeFi)
  4011 | D:5      | Killed inmateoo's ghost
  4011 | D:5      | Reached skill level 5 in Fighting
  4011 | D:5      | Reached skill level 6 in Maces & Flails
  4011 | D:5      | Reached skill level 5 in Shields
  4011 | D:5      | Reached XP level 8. HP: 13/49 MP: 8/8
  4409 | D:5      | Reached ** piety under Okawaru
  4524 | D:5      | Found Ihiol's Book Shop.
  4596 | D:5      | Found a bloodstained altar of Trog.
  4674 | D:5      | Found Hionemuck's Assorted Antiques.
  4731 | D:5      | Found Weufuoje's Gadget Shop.
  5038 | D:5      | Reached skill level 7 in Maces & Flails
  5363 | D:5      | Found Arasevepni's Food Shoppe.
  5366 | D:5      | Noticed Pikel
  5456 | D:5      | Gained mutation: Your large and strong wings let you fly indefinitely. [potion of mutation]
  5456 | D:5      | Gained mutation: You are partially covered in slimy green scales (AC +2). [potion of mutation]
  5613 | D:5      | Bought a beef jerky for 15 gold pieces
  5613 | D:5      | Bought a beef jerky for 15 gold pieces
  5613 | D:5      | Bought a beef jerky for 15 gold pieces
  5613 | D:5      | Bought a beef jerky for 15 gold pieces
  5613 | D:5      | Bought a slice of pizza for 15 gold pieces
  5823 | D:6      | Reached XP level 9. HP: 55/55 MP: 9/9
  5985 | D:6      | Noticed Prince Ribbit
  6167 | D:6      | Found a glowing golden altar of the Shining One.
  6387 | D:6      | Noticed Menkaure
  6394 | D:6      | Killed Menkaure
  6435 | D:6      | Reached *** piety under Okawaru
  6435 | D:6      | Reached skill level 8 in Maces & Flails
  6455 | D:6      | Killed Prince Ribbit
  6676 | D:6      | Noticed Draxdyn's ghost (novice GrFi)
  6700 | D:6      | Killed Draxdyn's ghost
  7018 | D:7      | Noticed F1L1N's ghost (amateur TrBe)
  7048 | D:7      | Killed F1L1N's ghost
  7048 | D:7      | Reached **** piety under Okawaru
  7048 | D:7      | Reached skill level 9 in Maces & Flails
  7053 | D:7      | Reached XP level 10. HP: 44/63 MP: 10/10
  7788 | D:7      | Gained mutation: You are frail (-10% HP). [mutagenic meat]
  7789 | D:7      | Gained mutation: You are resistant to hostile enchantments. [mutagenic meat]
  8302 | D:8      | Reached ***** piety under Okawaru
  8427 | D:8      | Found a staircase to the Lair.
  8774 | D:8      | Noticed Maurice
  8827 | D:8      | Killed Maurice
  8827 | D:8      | Received a gift from Okawaru
  8827 | D:8      | Reached skill level 10 in Maces & Flails
  9097 | Lair:1   | Entered Level 1 of the Lair of Beasts
  9115 | Lair:1   | Noticed Nergalle
  9120 | Lair:1   | Noticed a spectral orc warlord
  9454 | Lair:1   | Noticed a black mamba
  9478 | Lair:1   | Killed a black mamba
  9695 | Lair:1   | Killed Nergalle
  9695 | Lair:1   | Reached XP level 11. HP: 55/62 MP: 11/11
 10076 | Lair:1   | Noticed a black mamba
 10084 | Lair:1   | Killed a black mamba
 10143 | Lair:1   | Reached skill level 11 in Maces & Flails
 11668 | Lair:1   | Received a gift from Okawaru
 12406 | Lair:2   | Reached skill level 10 in Armour
 12468 | Lair:2   | Reached skill level 12 in Maces & Flails
 12612 | Lair:2   | Reached XP level 12. HP: 66/69 MP: 12/12
 12673 | Lair:2   | Reached skill level 10 in Shields
 12848 | Lair:2   | Noticed a five-headed hydra
 12864 | Lair:2   | Noticed Erica
 12893 | Lair:2   | HP: 2/69 [giant frog (6)]
 12908 | Lair:2   | Mangled by a black mamba

Action                   |  1- 3 |  4- 6 |  7- 9 | 10-12 || total
-------------------------+-------+-------+-------+-------++-------
Melee: Flail             |   101 |   303 |   384 |   734 ||  1522
       Great mace        |       |       |       |   140 ||   140
Invok: Heroism           |       |       |       |     2 ||     2
 Abil: Fly               |       |       |     1 |       ||     1
  Use: Potion            |       |     1 |    13 |     3 ||    17
       Scroll            |       |       |    11 |     9 ||    20
  Eat: Fruit             |     1 |       |       |       ||     1
       Chunk             |       |     7 |     4 |    13 ||    24
       Beef jerky        |       |       |     1 |     1 ||     2
       Bread ration      |       |       |     2 |     2 ||     4
       Pizza             |       |       |     1 |     1 ||     2
